Map: Selva profunda EE

Players

TuKchero

  • Race: Protoss Protoss
  • Spawn Location: 7:00

Arostegui

  • Race: Protoss Protoss
  • Spawn Location: 7:00

GIAN

  • Race: Protoss Protoss
  • Spawn Location: 7:00

TATORREA

  • Race: Protoss Protoss
  • League: Gold
  • Spawn Location: 1:00

tigro

  • Race: Terran Terran
  • League: Bronze
  • Spawn Location: 1:00

MrFercho

  • Race: Zerg Zerg
  • League: Silver
  • Spawn Location: 3:00

VOD

Have the link to the VOD?

Description

Time

  • Played on: July 5, 2020, 9:26 p.m.
  • Length: 5:41
Show
View Real Time Build Order
Export as new Build Order

TuKchero Protoss 

Build Orders:  

Get SALT Encoding   

  1  0:00  Probe  
  12  0:06  Probe  
  14  0:18  Pylon  
  14  0:34  Probe  
  15  0:39  Forge  
  15  1:07  Pylon  
  15  1:16  Pylon  
  14  1:58  Pylon  
  14  2:10  Pylon  
  14  2:19  Photon Cannon  
  14  2:22  Photon Cannon, Probe  
  15  2:30  Probe  
  16  2:39  Probe  
  17  2:45  Photon Cannon  
  17  2:48  Photon Cannon  
  17  3:22  Pylon  
  17  3:42  Photon Cannon  
  17  3:44  Photon Cannon  
  17  3:46  Photon Cannon  
  17  3:59  Photon Cannon  
  17  4:07  Photon Cannon  
  17  4:08  Pylon  
  17  4:21  Pylon  
  17  4:28  Photon Cannon  
  17  4:29  Probe  
  17  4:37  Probe  
  18  4:41  Photon Cannon  
  18  4:44  Pylon  
  19  4:47  Probe  
  20  4:57  Pylon  
  20  5:16  Probe  
  21  5:24  Probe  
  21  5:26  Photon Cannon  
  22  5:31  Pylon  
Show
View Real Time Build Order
Export as new Build Order

Arostegui Protoss 

Build Orders:  

Get SALT Encoding   

  12  0:02  Probe  
  13  0:33  Probe  
  14  0:45  Pylon  
  14  0:50  Probe  
  14  0:51  Assimilator  
  15  1:03  Probe  
  16  1:15  Gateway, Probe  
  16  1:18  Gateway  
  17  1:21  Gateway  
  17  1:23  Probe  
  17  1:31  Probe  
  19  1:41  Probe  
  20  1:51  Pylon  
  20  1:57  Forge  
  20  2:05  Cybernetics Core  
  20  2:16  Probe  
  20  2:17  Assimilator  
  21  2:28  Probe  
  22  2:31  Gateway  
  22  2:33  Zealot x3  
  28  2:56  Photon Cannon  
  28  2:57  Photon Cannon  
  28  3:12  Stalker  
  30  3:38  Gateway, Warp Gate  
  30  4:01  Photon Cannon  
  30  4:07  Photon Cannon  
  30  4:18  Pylon  
  30  4:24  Probe  
  31  4:36  Stalker x4  
  31  4:38  Nexus  
  39  5:28  Pylon  
  39  5:31  Pylon  
Show
View Real Time Build Order
Export as new Build Order

GIAN Protoss 

Build Orders: Cannon Rush 

Get SALT Encoding   

  1  0:00  Probe  
  12  0:06  Probe  
  14  0:24  Pylon  
  14  0:27  Probe  
  15  0:42  Probe  
  16  0:45  Forge  
  16  0:54  Probe  
  17  1:03  Pylon  
  17  1:06  Probe  
  17  1:08  Pylon  
  18  1:23  Photon Cannon  
  18  1:25  Photon Cannon  
  18  1:34  Photon Cannon  
  18  1:50  Pylon  
  18  1:55  Pylon  
  18  2:11  Photon Cannon  
  18  2:25  Photon Cannon  
  18  2:28  Photon Cannon  
  18  2:32  Photon Cannon  
  18  2:39  Pylon  
  18  2:51  Pylon  
  18  3:00  Photon Cannon  
  18  3:09  Photon Cannon  
  18  3:12  Photon Cannon  
  18  3:20  Photon Cannon  
  18  3:38  Photon Cannon  
  18  3:46  Pylon  
  18  4:06  Photon Cannon  
  18  4:07  Photon Cannon  
  18  4:11  Photon Cannon  
  18  4:21  Photon Cannon  
  18  4:26  Pylon  
  18  4:30  Pylon  
  18  4:46  Photon Cannon  
  18  4:49  Photon Cannon  
  18  4:52  Photon Cannon  
  18  4:58  Photon Cannon  
  18  5:10  Pylon  
  18  5:16  Photon Cannon  
  18  5:28  Photon Cannon  
Show
View Real Time Build Order
Export as new Build Order

TATORREA Protoss 

Build Orders:  

Get SALT Encoding   

  12  0:01  Probe  
  13  0:13  Probe  
  14  0:26  Pylon, Probe  
  15  0:44  Probe  
  15  0:47  Gateway  
  16  0:57  Probe  
  17  1:04  Assimilator  
  17  1:08  Pylon  
  17  1:09  Probe  
  18  1:46  Zealot  
  20  2:00  Assimilator  
  20  2:02  Gateway  
  20  2:13  Zealot  
  22  2:21  Probe  
  23  2:29  Probe  
  24  2:39  Cybernetics Core  
  24  2:41  Probe, Zealot  
  20  3:17  Probe  
  21  3:22  Stalker  
  20  3:29  Probe  
  21  3:54  Stalker  
  23  3:56  Probe  
  9  4:24  Probe  
  9  4:32  Probe  
  10  4:41  Probe  
Show
View Real Time Build Order
Export as new Build Order

tigro Terran 

Build Orders:  

Get SALT Encoding   

  12  0:11  SCV  
  13  0:23  SCV  
  14  0:31  Supply Depot  
  14  0:35  SCV  
  15  0:53  SCV  
  16  1:00  Barracks  
  16  1:03  Refinery  
  16  1:05  SCV  
  16  1:09  Refinery  
  17  1:17  SCV  
  18  1:29  SCV  
  19  1:41  SCV  
  20  1:50  Supply Depot  
  20  1:53  SCV  
  21  2:05  SCV  
  21  2:06  Marine  
  21  2:13  Barracks  
  21  2:18  SCV  
  22  2:24  Marine  
  23  2:36  SCV  
  23  2:42  Marine  
  19  3:00  Marine  
  19  3:02  Factory  
  9  3:17  Barracks Reactor  
  2  4:30  SCV  
  2  4:42  SCV  
  3  4:54  SCV  
  4  5:16  SCV  
Show
View Real Time Build Order
Export as new Build Order

MrFercho Zerg 

Build Orders: Hatch First 

Get SALT Encoding   

  12  0:01  Drone  
  13  0:15  Overlord  
  13  0:17  Drone  
  14  0:35  Drone x2  
  16  1:00  Hatchery  
  16  1:02  Extractor, Drone x3  
  17  1:22  Spawning Pool  
  16  1:50  Drone x3  
  19  2:23  Drone x4  
  19  2:24  Drone  
  24  2:34  Drone  
  24  2:35  Drone  
  26  2:41  Extractor, Metabolic Boost  
  25  2:59  Drone x3  
  25  3:04  Overlord  
  28  3:09  Overlord x2  
  28  3:21  Queen x2  
  32  3:38  Zergling x2  
  32  3:39  Zergling x6  
  36  4:04  Spawning Pool  
  35  4:15  Spine Crawler  
  30  4:32  Lair  
  30  4:43  Drone  
  30  4:44  Drone x8  
  39  5:00  Overlord x2  
  39  5:15  Zergling x10  
Tags
 
Add a new tag
Caveats
  • Supply blocks, unpowered buildings, or Contaminate may cause inaccurate times.
  • Supply counts are checked every 10 seconds.